 Dungeon Crawl Stone Soup version 0.24-b1-44-g37ad8b309f (webtiles) character file.

Game seed: 16058507304333035118, levelgen mode: deterministic

26187 Curus the Spear-Bearer (level 12, 0/113 HPs)
             Began as a Minotaur Fighter on Oct 23, 2019.
             Was the Champion of Okawaru.
             Slain by a death yak (19 damage)
             ... on level 3 of the Lair of Beasts.
             The game lasted 00:57:37 (11658 turns).

Curus the Spear-Bearer (Minotaur Fighter)          Turns: 11658, Time: 00:57:38

Health: 0/113      AC: 24    Str: 25    XL:     12   Next: 96%
Magic:  16/16      EV:  7    Int:  7    God:    Okawaru [******]
Gold:   685        SH: 13    Dex: 14    Spells: 11/11 levels left

rFire    . . .     SeeInvis +   w - +6 trident
rCold    + . .     Gourm    .   c - +0 shield
rNeg     . . .     Faith    +   C - +1 plate armour
rPois    +         Spirit   .   t - +0 hat
rElec    .         Reflect  .   B - +0 cloak
rCorr    .         Harm     .   E - +1 pair of gloves {Str+3}
MR       +....                  e - +2 pair of boots {run}
Stlth    ..........             v - amulet of Ynuut {Faith *Drain MR+ SInv}
HPRegen  0.28/turn              I - ring of flight
MPRegen  0.15/turn              P - ring of poison resistance

@: studying Shields, quick
A: retaliatory headbutt, horns 2, cold resistance 1, strong 1
a: Heroism, Finesse, Renounce Religion, Evoke Flight


You were on level 3 of the Lair of Beasts.
You worshipped Okawaru.
Okawaru was exalted by your worship.
You were not hungry.

You visited 2 branches of the dungeon, and saw 14 of its levels.

You collected 959 gold pieces.
You spent 274 gold pieces at shops.

Inventory:

Hand Weapons
 a - a +2 trident
 w - a +6 trident (weapon)
Armour
 b - a +0 scale mail
 c - a +0 shield (worn)
 e - a +2 pair of boots of running (worn)
 j - a +0 chain mail of magic resistance
 t - a +0 hat (worn)
 B - a +0 cloak (worn)
 C - a +1 plate armour (worn)
 E - a +1 pair of gloves of strength (worn)
 G - a +2 chain mail of poison resistance
Jewellery
 d - a +2 ring of slaying
 g - an uncursed amulet of harm
 q - a cursed amulet of inaccuracy
 v - the amulet of Ynuut (around neck) {Faith *Drain MR+ SInv}
   (You found it on level 7 of the Dungeon)

   [amulet of faith]

   It allows you to gain divine favour quickly.
   It affects your resistance to hostile enchantments.
   It lets you see invisible.
   It causes draining when unequipped.
 A - a cursed ring of teleportation
 D - a +2 ring of evasion
 F - an uncursed ring of resist corrosion
 I - a ring of flight (left hand)
 L - an uncursed ring of ice
 P - a ring of poison resistance (right hand)
 Q - an uncursed ring of ice
Wands
 h - a wand of disintegration (25)
 o - a wand of polymorph (12)
 s - a wand of digging (8)
 K - a wand of iceblast (7)
 N - a wand of scattershot (4)
 O - a wand of random effects (22)
 R - a wand of acid (4)
 U - a wand of flame (9)
 V - a wand of clouds (7)
Scrolls
 i - 11 scrolls of identify
 k - 8 scrolls of teleportation
 l - 4 scrolls of fear
 n - a scroll of fog
 r - 5 scrolls of amnesia
 z - a scroll of random uselessness
 J - 4 scrolls of remove curse
 M - a scroll of magic mapping
Potions
 m - 3 potions of curing
 u - a potion of resistance
 S - 2 potions of cancellation
 T - 3 potions of haste
Books
 p - a manual of Shields
Miscellaneous
 x - a phial of floods
 y - a lamp of fire
 H - a sack of spiders
Comestibles
 f - 29 rations


   Skills:
 - Level 12.9 Fighting
 - Level 14.0 Polearms
 - Level 12.9 Armour
 + Level 10.9 Shields
 - Level 7.3 Invocations
 + Level 4.8 Evocations


You had 11 spell levels left.
You didn't know any spells.
Your spell library contained the following spells:

 Spells                   Type           Power        Failure   Level  Hunger
 Corona                   Hex            #......      100%        1    ##.....
 Sandblast                Erth           #.....       100%        1    ##.....
 Shock                    Conj/Air       #...         100%        1    ##.....
 Ensorcelled Hibernation  Hex/Ice        #.....       100%        2    ###....
 Passwall                 Tmut/Erth      #.......     100%        2    ###....
 Swiftness                Chrm/Air       #.......     100%        2    ###....
 Confuse                  Hex            #.......     100%        3    ####...
 Dazzling Spray           Conj/Hex       #.....       100%        3    ####...
 Static Discharge         Conj/Air       #.......     100%        3    ####...
 Stone Arrow              Conj/Erth      #.....       100%        3    ####...
 Tukima's Dance           Hex            #.......     100%        3    ####...
 Airstrike                Air            #.........   100%        4    #####..
 Petrify                  Tmut/Erth      #.......     100%        4    #####..
 Lee's Rapid Deconstruct  Erth           #.........   100%        5    ######.
 Lightning Bolt           Conj/Air       #.........   100%        5    ######.


Dungeon Overview and Level Annotations

Branches:
Dungeon (11/15)            Temple (0/1) D:6            Lair (3/6) D:11
 Spider (0/4) Lair:2          Orc (0/2) D:11
  Swamp: Lair:2-4    Shoals: Lair:2-4

Altars:
Ashenzari
Cheibriados
Dithmenos
Hepliaklqana
Okawaru
Qazlal
Ru
Yredelemnul
Zin
The Shining One

Shops:
D:7 =*   D:8 (


Innate Abilities, Weirdness & Mutations

You reflexively headbutt those who attack you in melee.
You have a pair of horns on your head.
Your flesh is cold resistant. (rC+)
Your muscles are strong. (Str +2)


Message History

Your worker ant bites the death yak.
The death yak gores your worker ant!!
Your worker ant dies!
Your worker ant's corpse disappears in a puff of smoke!
You hit the death yak. Your headbutt misses the death yak.
The death yak is severely wounded.
The death yak gores you but does no damage.
You hit the death yak.
The death yak is severely wounded.
You puncture the death yak!
You kill the death yak!
Okawaru accepts your kill.
Attack whom?
Press: ? - help, Dir - move target cursor, f - death yak
Aim: a death yak (severely wounded)
You reach to attack!
You hit the death yak but do no damage.
The death yak is severely wounded.
You hit the death yak.
The death yak is severely wounded.
The death yak gores you!!
You die...

#.........##
##.........##
#..........#
##...P......#
##..........Y.##
#...............##
###.......#......##
##........##......### #
...........##..Y@...#.#
...........##.[......#
...........##........#
...........##.#.......#
..........######......#
.......#..# ##.....#
...#.###..## ##....#
.....#####.# ##...#
......###### #..#


You could see 2 death yaks.

Vanquished Creatures
  Fannar (D:11)
  Erolcha (D:11)
  A hydra (Lair:1)
  A two-headed ogre (D:6)
  2 death yaks (Lair:3)
  A manticore (D:11)
  A deep elf mage (D:10)
  4 oklob plants (Lair:1)
  2 ugly things
  2 black mambas
  A centaur skeleton (D:10)
  3 spiny frogs
  A rime drake (Lair:2)
  An efreet (D:10)
  2 komodo dragons (Lair:2)
  2 trolls
  9 blink frogs
  7 hippogriffs
  18 yaks
  A wraith (D:11)
  A wyvern (D:9)
  A human (D:9)
  3 hogs (D:9)
  A steam dragon (D:11)
  3 hungry ghosts
  A soldier ant (D:11)
  An acid dragon (D:11)
  6 water moccasins
  10 porcupines
  5 orc warriors
  4 black bears
  8 ice beasts
  A sky beast (D:7)
  4 ogres
  A necrophage (D:6)
  A hornet zombie (D:9)
  4 crocodiles
  A wolf (Lair:1)
  5 centaurs
  3 big kobolds
  16 bullfrogs
  A gnoll sergeant (D:7)
  A water moccasin zombie (D:8)
  3 scorpions
  4 wights
  2 howler monkeys
  3 electric eels (Lair:1)
  2 bullfrog zombies
  3 crimson imps
  5 hounds
  2 centaur zombies
  5 orc priests
  3 jellies
  13 orc wizards
  2 bullfrog skeletons
  An iguana (D:6)
  11 worker ants
  7 hell rats (Lair:1)
  A hound skeleton (D:9)
  2 worker ant zombies
  5 gnolls (D:7)
  15 adders
  19 river rats (Lair:1)
  3 shadow imps
  3 adder skeletons
  3 worms
  A dart slug (D:3)
  5 leopard geckos
  81 orcs
  4 ball pythons
  8 bats
  3 giant cockroaches
  5 goblins
  8 hobgoblins
  4 jackals (D:9)
  20 kobolds
  10 quokkas
  3 frilled lizards
  18 rats
  A plant (Lair:1)
431 creatures vanquished.

Vanquished Creatures (others)
  18 fungi
  3 plants
21 creatures vanquished.

Grand Total: 452 creatures vanquished

Notes
Turn   | Place    | Note
-------+----------+-------------------------------------------
     0 | D:1      | Curus the Minotaur Fighter began the quest for the Orb.
     0 | D:1      | Reached XP level 1. HP: 19/19 MP: 0/0
    30 | D:1      | Reached skill level 3 in Polearms
    90 | D:1      | Reached XP level 2. HP: 26/26 MP: 1/1
   356 | D:1      | Reached skill level 4 in Polearms
   771 | D:2      | Reached XP level 3. HP: 25/31 MP: 2/2
   806 | D:2      | Identified a +1 pair of boots of running (You found it on
                  | level 2 of the Dungeon)
   910 | D:2      | Found a shadowy altar of Dithmenos.
   924 | D:2      | Reached skill level 5 in Polearms
  1462 | D:3      | Reached XP level 4. HP: 39/39 MP: 3/3
  1563 | D:3      | Found an iron altar of Okawaru.
  1569 | D:3      | Became a worshipper of Warmaster Okawaru
  1873 | D:3      | Found a basalt altar of Yredelemnul.
  1901 | D:3      | Reached skill level 6 in Polearms
  1946 | D:3      | Reached XP level 5. HP: 17/45 MP: 4/4
  2499 | D:4      | Reached skill level 7 in Polearms
  2675 | D:4      | Gained mutation: You are robust. (+10% HP) [potion of
                  | mutation]
  2675 | D:4      | Gained mutation: Scrolls take you a little longer to read.
                  | [potion of mutation]
  2675 | D:4      | Gained mutation: You have a beak for a mouth. [potion of
                  | mutation]
  2947 | D:3      | Lost mutation: Scrolls take you a little longer to read.
                  | [potion of mutation]
  2947 | D:3      | Lost mutation: You are robust. (+10% HP) [potion of
                  | mutation]
  2947 | D:3      | Lost mutation: You have a beak for a mouth. [potion of
                  | mutation]
  2947 | D:3      | Gained mutation: Your flesh is cold resistant. (rC+)
                  | [potion of mutation]
  2947 | D:3      | Gained mutation: Your muscles are strong. (Str +2) [potion
                  | of mutation]
  3065 | D:4      | Reached XP level 6. HP: 51/51 MP: 5/5
  3086 | D:4      | Found a hazy altar of Hepliaklqana.
  3088 | D:4      | Found a glowing silver altar of Zin.
  3640 | D:5      | Entered Level 5 of the Dungeon
  3642 | D:5      | Noticed an ice beast
  3650 | D:5      | Killed an ice beast
  3650 | D:5      | Reached skill level 8 in Polearms
  3732 | D:5      | Reached * piety under Okawaru
  3804 | D:5      | Found a snail-covered altar of Cheibriados.
  4207 | D:6      | Found a staircase to the Ecumenical Temple.
  4212 | D:6      | Reached skill level 9 in Polearms
  4232 | D:6      | Reached XP level 7. HP: 55/57 MP: 6/6
  4320 | D:6      | Noticed a two-headed ogre
  4509 | D:6      | Reached skill level 10 in Polearms
  4852 | D:6      | Killed a two-headed ogre
  4852 | D:6      | Reached ** piety under Okawaru
  4852 | D:6      | Reached *** piety under Okawaru
  4852 | D:6      | Reached skill level 12 in Polearms
  4852 | D:6      | Reached XP level 8. HP: 49/64 MP: 7/7
  5119 | D:6      | Reached skill level 13 in Polearms
  5478 | D:6      | Reached XP level 9. HP: 31/70 MP: 8/8
  5487 | D:6      | Reached **** piety under Okawaru
  5629 | D:7      | Reached skill level 14 in Polearms
  5641 | D:7      | Received a gift from Okawaru
  5763 | D:7      | Noticed a troll
  5774 | D:7      | Killed a troll
  5774 | D:7      | Reached skill level 5 in Fighting
  5774 | D:7      | Reached skill level 5 in Armour
  5792 | D:7      | Got a sparkling golden amulet
  5888 | D:7      | Found Keenu's Assorted Antiques.
  5919 | D:7      | Bought a scroll of teleportation for 69 gold pieces
  5919 | D:7      | Bought a scroll of teleportation for 69 gold pieces
  5919 | D:7      | Bought a scroll labeled EMEYTHR XEIGU for 23 gold pieces
  5919 | D:7      | Bought a scroll labeled EMEYTHR XEIGU for 23 gold pieces
  5919 | D:7      | Bought a scroll labeled SEOMIFFE CAAGI for 23 gold pieces
  5976 | D:7      | Found Pett's Jewellery Shop.
  5981 | D:7      | Bought a cursed ring of teleportation for 67 gold pieces
  6100 | D:7      | Identified the amulet of Ynuut {Faith *Drain MR+ SInv} (You
                  | found it on level 7 of the Dungeon)
  6112 | D:8      | Found Vierph's Weapon Boutique.
  6272 | D:8      | Reached ***** piety under Okawaru
  6272 | D:8      | Reached XP level 10. HP: 52/86 MP: 9/9
  6439 | D:8      | Found a glowing golden altar of the Shining One.
  6531 | D:8      | Found a sacrificial altar of Ru.
  7098 | D:9      | Found a stormy altar of Qazlal.
  7249 | D:9      | Received a gift from Okawaru
  7301 | D:9      | Found a shattered altar of Ashenzari.
  7571 | D:10     | Entered Level 10 of the Dungeon
  7734 | D:10     | Reached skill level 10 in Fighting
  7734 | D:10     | Reached skill level 10 in Armour
  8086 | D:10     | Noticed a deep elf mage
  8097 | D:10     | Killed a deep elf mage
  8147 | D:10     | Reached XP level 11. HP: 101/101 MP: 10/10
  8321 | D:10     | Noticed a purple ugly thing
  8331 | D:10     | Killed a purple ugly thing
  8392 | D:11     | Noticed a green ugly thing
  8416 | D:11     | Killed a green ugly thing
  8428 | D:11     | Reached ****** piety under Okawaru
  8547 | D:11     | Found a staircase to the Orcish Mines.
  8621 | D:11     | Noticed Fannar
  8625 | D:11     | Noticed Erolcha
  8660 | D:11     | Killed Erolcha
  8660 | D:11     | Received a gift from Okawaru
  8661 | D:11     | Killed Fannar
  8663 | D:11     | Received a gift from Okawaru
  8739 | D:11     | Received a gift from Okawaru
  9051 | D:11     | Found a staircase to the Lair.
  9093 | Lair:1   | Entered Level 1 of the Lair of Beasts
  9118 | Lair:1   | Reached skill level 1 in Invocations
  9129 | Lair:1   | Reached skill level 5 in Shields
  9164 | Lair:1   | Reached XP level 12. HP: 60/113 MP: 12/12
  9331 | Lair:1   | Received a gift from Okawaru
  9669 | Lair:1   | Noticed a seven-headed hydra
  9676 | Lair:1   | Killed a seven-headed hydra
  9983 | Lair:1   | Reached skill level 5 in Invocations
 10256 | Lair:1   | Reached skill level 10 in Shields
 10280 | Lair:1   | Reached skill level 1 in Evocations
 10297 | Lair:1   | Received a gift from Okawaru
 11090 | Lair:2   | Found a hole to the Spider Nest.
 11596 | Lair:3   | Noticed a death yak
 11597 | Lair:3   | Noticed a death yak
 11598 | Lair:3   | Noticed a death yak
 11598 | Lair:3   | Noticed a death yak
 11608 | Lair:3   | Killed a death yak
 11656 | Lair:3   | Killed a death yak
 11658 | Lair:3   | Slain by a death yak

Skill      XL: |  1  2  3  4  5  6  7  8  9 10 11 12 |
---------------+-------------------------------------+-----
Polearms       | 3 4 5 6 7 9 12 13 14 | 14.0
Fighting       | 7 10 12 | 12.9
Armour         | 7 10 12 | 12.9
Shields        | 5 10 | 10.9
Invocations    | 2 7 |  7.3
Evocations     | 4 |  4.8

Action                   |  1- 3 |  4- 6 |  7- 9 | 10-12 || total
-------------------------+-------+-------+-------+-------++-------
Melee: Trident           |   115 |   150 |   218 |   879 ||  1362
       Headbutt          |     7 |    18 |    30 |   162 ||   217
Invok: Heroism           |       |       |       |     4 ||     4
Evoke: Wand              |       |       |     3 |     2 ||     5
       Sack of spiders   |       |       |       |     1 ||     1
  Use: Scroll            |     4 |     3 |     6 |     6 ||    19
       Potion            |     4 |     6 |     1 |     6 ||    17
  Eat: Chunk             |     2 |     1 |     4 |    11 ||    18
       Ration            |       |     2 |     1 |     3 ||     6
Armor: Scale mail        |    37 |       |       |       ||    37
       Chain mail        |     2 |    47 |    65 |    65 ||   179
       Plate armour      |       |       |       |   180 ||   180
Dodge: Dodged            |    33 |    15 |    24 |    86 ||   158
Block: Shield            |    33 |    37 |    57 |   236 ||   363
